 Dungeon Crawl Stone Soup version 0.17-a0-1882-g750edc8 (webtiles) character file.

14 4thArraOfDagon the Ruffian (level 2, -8/23 HPs)
             Began as a Draconian Transmuter on Sept 22, 2015.
             Shot with an arrow by a centaur (10 damage)
             ... on level 5 of the Dungeon.
             The game lasted 00:02:05 (334 turns).

4thArraOfDagon the Ruffian (Draconian Transmuter)    Turns: 334, Time: 00:02:05

Health: -8/23      AC:  5    Str: 12    XL:     2   Next: 27%
Magic:  5/5        EV: 15    Int: 13    God:
Gold:   0          SH:  0    Dex: 11    Spells: 1 memorised, 4 levels left

rFire  . . .     SeeInvis .       - Unarmed
rCold  . . .     Clarity  .     (armour unavailable)
rNeg   . . .     SustAt   .     (no shield)
rPois  .         Gourm    .     (helmet restricted)
rElec  .         Spirit   .     k - +0 cloak
rCorr  .         Warding  .     (no gloves)
rMut   .         Stasis   .     (boots currently unavailable)
MR     .....                    (no amulet)
Stlth  +.........               (no ring)
                                h - +3 ring of evasion

@: appendage (expiring), not resistant to hostile enchantments, very unstealthy
A: unfitting armour, talons 3, cold-blooded, AC +4
a: End Transformation


You were on level 5 of the Dungeon.
You were not hungry.
You had grown temporary talons.
You visited 1 branch of the dungeon, and saw 5 of its levels.

Inventory:

Missiles
 a - 12 arrows
Armour
 k - a +0 cloak (worn)
Jewellery
 h - a +3 ring of evasion (left hand)
Scrolls
 e - 2 scrolls of remove curse {unknown}
 g - a scroll of enchant armour {unknown}
 j - a scroll of enchant weapon {unknown}
Books
 b - a book of Changes

   Spells                             Type                      Level
   a - Beastly Appendage              Transmutation                1
   b - Sticks to Snakes               Transmutation                2
   c - Spider Form                    Transmutation/Poison         3
   d - Ice Form                       Ice/Transmutation            4
   e - Blade Hands                    Transmutation                5
Comestibles
 c - a bread ration
 i - 2 chunks of flesh


   Skills:
 + Level 1.5 Fighting
 + Level 2.0 Dodging
 * Level 3.4 Unarmed Combat
 - Level 2.0 Spellcasting
 - Level 2.0 Transmutations


You had 4 spell levels left.
You knew the following spells:

 Your Spells              Type           Power        Failure   Level  Hunger
a - Beastly Appendage     Trmt           #.....       12%         1    ##.....


Dungeon Overview and Level Annotations

Branches:
Dungeon (5/15)
 Temple: D:4-7

Altars:

Annotations:
D:4 Goresteps's ghost, average TrFi


Innate Abilities, Weirdness & Mutations

Your plain brown scales are hard (AC +4).
Your body does not fit into most forms of armour.
You are cold-blooded and may be slowed by cold attacks.
You have claws for feet.


Message History

The crimson imp laughs crazily.
Unknown command.
Your transformation is almost over.
Unknown command.
Unknown command.
The crimson imp laughs crazily.
Unknown command.
The crimson imp blinks!
The centaur shoots an arrow.
The arrow misses you.
The arrow hits the crimson imp!
The crimson imp dies!
Unknown command.
Enter note: lo Unknown command.
The centaur shoots an arrow.
The arrow hits you.
* * * LOW HITPOINT WARNING * * *
You see here 2 arrows.
Unknown command.
Unknown command.
The centaur shoots an arrow.
The arrow hits you!
You die...

.......
########.......
#l...l('.......
#c######.......
#.# ####### #.#
#.# #(#######
#.@.....#
#######(###
#..<#...#
#.#####.# #.#
#.# #.# #.#
#.#####.#
#.......#
#########


You could see a centaur and an iguana.

Vanquished Creatures
  A giant gecko (D:3)
  A ball python (D:3)
  2 giant cockroaches (D:3)
  A hobgoblin (D:3)
  A kobold (D:3)
  2 bats
  3 goblins (D:3)
  2 rats
13 creatures vanquished.

Vanquished Creatures (others)
  A crimson imp (D:5)
1 creature vanquished.

Grand Total: 14 creatures vanquished

Notes
Turn   | Place    | Note
--------------------------------------------------------------
     0 | D:1      | 4thArraOfDagon the Draconian Transmuter began the quest for the Orb.
     0 | D:1      | Reached XP level 1. HP: 16/16 MP: 3/3
   179 | D:3      | Reached XP level 2. HP: 14/23 MP: 5/5
   271 | D:4      | Noticed Goresteps's ghost (average TrFi)
   275 | D:5      | Entered Level 5 of the Dungeon
   314 | D:5      | Noticed a centaur
   333 | D:5      | lo
   334 | D:5      | Shot with an arrow by a centaur

Vault maps used:
D:1:      lemuel_arrival_room, minivault_23
D:2:      kennysheep_generic_room_8, uniq_terence, uniq_iyjb, uniq_natasha
D:3:      portal_sewer_entry_e, uniq_crazy_yiuf_cottage
D:4:      kennysheep_mini, vehumet_crystals, first_bread, uniq_menkaure

Action                   || total
-------------------------++-------
Melee: Unarmed           ||    57
 Cast: Beastly Appendage ||     1
  Use: Potion            ||     3
 Stab: Sleeping          ||     2
